 Dungeon Crawl Stone Soup version 0.18.1-5-g4a78601 (webtiles) character file.

140 Mefis the Magician (level 5, -1/28 HPs)
             Began as a Deep Elf Wizard on May 11, 2016.
             Killed by nerve-wracking pain
             ... invoked by Grinder
              (14 damage)
             ... on level 4 of the Dungeon.
             The game lasted 00:05:35 (2632 turns).

Mefis the Magician (Deep Elf Wizard)                Turns: 2632, Time: 00:05:35

Health: -1/28      AC:  2    Str:  4    XL:     5   Next: 2%
Magic:  2/14       EV: 13    Int: 24    God:
Gold:   97         SH:  0    Dex: 13    Spells: 5 memorised, 3 levels left

rFire  . . .     SeeInvis .     h - +1 hunting sling (flame)
rCold  . . .     Gourm    .     a - +0 robe
rNeg   . . .     Faith    .     (no shield)
rPois  .         Spirit   .     b - +0 hat
rElec  .         Dismiss  .     (no cloak)
rCorr  .         Reflect  .     (no gloves)
SustAt .         Harm     .     (no boots)
MR     .....                    (no amulet)
Stlth  ++........               (no ring)
                                (no ring)

@: repel missiles, not resistant to hostile enchantments, unstealthy
A: no striking features
a: no special abilities


You were on level 4 of the Dungeon.
You were hungry.

You visited 1 branch of the dungeon, and saw 4 of its levels.

You collected 97 gold pieces.

Inventory:

Hand Weapons
 h - a +1 hunting sling of flaming (weapon)
Missiles
 i - a throwing net
 j - 59 stones
 k - 32 poisoned needles
 v - 2 tomahawks
 w - 39 sling bullets (quivered)
Armour
 a - a +0 robe (worn)
 b - a +0 hat (worn)
Scrolls
 e - 2 scrolls of identify {unknown}
 g - a scroll of immolation {unknown}
 l - 2 scrolls of teleportation {unknown}
 m - 2 scrolls of enchant weapon {unknown}
 n - a scroll of random uselessness {unknown}
 o - 2 scrolls of remove curse {unknown}
 q - 2 scrolls of noise {unknown}
 t - 3 scrolls of amnesia {unknown}
Potions
 f - 2 potions of ambrosia {unknown}
 r - a potion of flight {unknown}
 s - a potion of might {unknown}
 u - a potion of beneficial mutation {unknown}
Books
 c - a book of Minor Magic

   Spells                             Type                      Level
   a - Magic Dart                     Conjuration                  1
   b - Blink                          Translocation                2
   c - Call Imp                       Summoning                    2
   d - Repel Missiles                 Charms/Air                   2
   e - Slow                           Hexes                        2
   f - Conjure Flame                  Conjuration/Fire             3
   g - Mephitic Cloud                 Conjuration/Poison/Air       3
Comestibles
 d - 5 bread rations
 p - 2 fruits


   Skills:
 + Level 1.6 Throwing
 + Level 3.2 Dodging
 + Level 3.4 Stealth
 + Level 4.9 Spellcasting
 * Level 2.9 Conjurations
 + Level 1.7 Summonings
 - Level 1.1 Translocations
 + Level 1.0 Poison Magic


You had 3 spell levels left.
You knew the following spells:

 Your Spells              Type           Power        Failure   Level  Hunger
a - Magic Dart            Conj           ###.         2%          1    None
b - Call Imp              Summ           ##......     10%         2    None
c - Blink                 Tloc           N/A          12%         2    None
d - Repel Missiles        Chrm/Air       #.....       14%         2    None
e - Mephitic Cloud        Conj/Pois/Air  ##......     17%         3    ##.....


Dungeon Overview and Level Annotations

Branches:
Dungeon (4/15)
 Temple: D:4-7

Altars:
Ashenzari
Makhleb
Zin

Annotations:
D:4 Grinder


Message History

Your crimson imp cannot move out of your way!
Your crimson imp cannot move out of your way!
Casting: Call Imp
Confirm with . or Enter, or press ? or * to list all spells.
You blink.
What do you say? t - Shout!
Orders for allies: a - Attack new target. p - Attack previous target. r - Retreat! s - Stop attacking. w - Wait here. f - Follow me.
Anything else - Stay silent.
Gang up on whom?
Press: ? - help, Dir - move target cursor, f/p - Grinder
Aim: Grinder (lightly wounded) Attack!
Grinder blinks!
Grinder gestures at you. Pain shoots through your body!
Ouch! That really hurt!
You die...

#.# #.# #.#
#####.#
...#.#
#######(#.#
#....555(5#
#.######)####
#.#....@(...#
#.#.#####.#.#
.. >(.# #.
.#.# #. ...#
#. ). # ...
.#.


You could see Grinder.

Vanquished Creatures
  A gnoll (D:1)
  5 adders
  A worm (D:3)
  3 dart slugs
  3 giant geckos
  4 orcs
  7 bats
  4 giant cockroaches
  13 goblins
  4 hobgoblins
  4 jackals (D:1)
  5 kobolds
  A quokka (D:3)
  3 giant newts
  8 rats
66 creatures vanquished.

Vanquished Creatures (collateral kills)
  3 orcs (D:4)
3 creatures vanquished.

Vanquished Creatures (others)
  2 orcs (D:4)
2 creatures vanquished.

Grand Total: 71 creatures vanquished

Notes
Turn   | Place    | Note
--------------------------------------------------------------
     0 | D:1      | Mefis the Deep Elf Wizard began the quest for the Orb.
     0 | D:1      | Reached XP level 1. HP: 10/10 MP: 7/7
   288 | D:1      | Reached XP level 2. HP: 15/15 MP: 0/9
   295 | D:1      | Learned a level 2 spell: Call Imp
   298 | D:1      | Learned a level 2 spell: Blink
   301 | D:1      | Learned a level 2 spell: Repel Missiles
   631 | D:1      | Reached XP level 3. HP: 19/19 MP: 9/11
   757 | D:1      | Reached skill level 1 in Throwing
  1017 | D:2      | Found a shattered altar of Ashenzari.
  1360 | D:2      | Reached XP level 4. HP: 24/24 MP: 7/12
  1384 | D:2      | Learned a level 3 spell: Mephitic Cloud
  1555 | D:2      | Found a burning altar of Makhleb.
  1556 | D:2      | Found a glowing silver altar of Zin.
  1556 | D:2      | Noticed an angel
  1557 | D:2      | Noticed a cacodemon
  2585 | D:4      | Noticed Grinder
  2586 | D:4      | Reached skill level 1 in Poison Magic
  2610 | D:4      | Reached XP level 5. HP: 28/28 MP: 7/14
  2632 | D:4      | Killed from afar by Grinder

Skill      XL: |  1  2  3  4 |
---------------+-------------+-----
Conjurations   | 2 |  2.9
Throwing       | 1 |  1.6
Stealth        | 3 |  3.4
Dodging        | 3 |  3.2
Poison Magic   | 1 |  1.0
Spellcasting   | |  4.9
Summonings     | |  1.7
Translocations | |  1.1

Action                   |  1- 3 |  4- 6 || total
-------------------------+-------+-------++-------
 Fire: Hunting sling     |    15 |     7 ||    22
 Cast: Magic Dart        |    78 |    63 ||   141
       Repel Missiles    |     1 |       ||     1
       Call Imp          |       |     6 ||     6
       Blink             |       |     1 ||     1
  Eat: Chunk             |     1 |     3 ||     4
Armor: Robe              |     4 |       ||     4
Dodge: Dodged            |    18 |     7 ||    25
